 Dungeon Crawl Stone Soup version 0.21.1-1-g345015f (webtiles) character file.

536 nicolaieve the Cleaver (level 7, -3/58 HPs)
             Began as a Minotaur Berserker on June 12, 2018.
             Was a Believer of Trog.
             Slain by Grinder (9 damage)
             ... on level 5 of the Dungeon.
             The game lasted 00:12:20 (3180 turns).

nicolaieve the Cleaver (Minotaur Berserker)         Turns: 3180, Time: 00:12:21

Health: -3/58      AC:  4    Str: 21    XL:     7   Next: 4%
Magic:  6/6        EV: 12    Int:  4    God:    Trog [**....]
Gold:   221        SH:  0    Dex: 12    Spells: 6/6 levels left

rFire    . . .     SeeInvis .   o - +2 hand axe (chop)
rCold    . . .     Gourm    .   (no shield)
rNeg     . . .     Faith    .   w - +0 leather armour
rPois    .         Spirit   .   (helmet restricted)
rElec    .         Reflect  .   t - +0 cloak
rCorr    .         Harm     .   (no gloves)
MR       ++...                  (no boots)
Stlth    +.........             (no amulet)
HPRegen  1.19/turn              (no ring)
MPRegen  0.10/turn              (no ring)

@: regenerating
A: retaliatory headbutt, horns 2
a: Berserk, Trog's Hand, Burn Spellbooks, Renounce Religion


You were on level 5 of the Dungeon.
You worshipped Trog.
Trog was pleased with you.
You were not hungry.

You visited 1 branch of the dungeon, and saw 5 of its levels.

You collected 221 gold pieces.

Inventory:

Hand Weapons
 o - a +2 hand axe of chopping (weapon)
 u - a +0 war axe
Missiles
 f - 99 stones (quivered)
Armour
 l - a +0 shield
 t - a +0 cloak (worn)
 w - a +0 leather armour (worn)
Wands
 p - a wand of acid (13)
Scrolls
 b - a scroll of fear {unknown}
 g - a scroll of magic mapping {unknown}
 i - 5 scrolls of teleportation {unknown}
 j - 2 scrolls of remove curse {unknown}
 k - 3 scrolls of amnesia {unknown}
 q - 5 scrolls of identify {unknown}
 s - a scroll of enchant weapon {unknown}
Potions
 a - a potion of invisibility {unknown}
 d - a potion of heal wounds {unknown}
 e - a potion of degeneration {unknown}
 h - 3 potions of brilliance {unknown}
 m - a potion of ambrosia {unknown}
 n - a potion of haste {unknown}
Books
 r - a book of Callings

   Spells                             Type                      Level
   a - Summon Small Mammal            Summoning                    1
   b - Call Imp                       Summoning                    2
   c - Call Canine Familiar           Summoning                    3
   d - Summon Guardian Golem          Hexes/Summoning              3
   e - Summon Lightning Spire         Summoning/Air                4
   f - Summon Ice Beast               Ice/Summoning                4
   Trog disapproves of the use of such an item.
Comestibles
 c - 10 rations
 v - 5 chunks of flesh


   Skills:
 - Level 3.9 Fighting
 * Level 9.5 Axes
 - Level 2.5 Armour
 - Level 2.3 Dodging


You had 6 spell levels left.
You didn't know any spells.

Dungeon Overview and Level Annotations

Branches:
Dungeon (5/15)             Temple (0/1) D:4

Altars:
Makhleb
Ru
Vehumet

Annotations:
D:5 Grinder


Innate Abilities, Weirdness & Mutations

You reflexively headbutt those who attack you in melee.
You have a pair of horns on your head.


Message History

* * * LOW HITPOINT WARNING * * *
Your skin crawls.
You feel resistant to hostile enchantments.
You feel somewhat more hungry. Grinder hits you but does no damage.
You're still recovering from your berserk rage.
You closely miss Grinder. Your headbutt misses Grinder.
Grinder is moderately wounded.
You barely miss the crimson imp.
You recover from your berserk rage.
The crimson imp closely misses you. Grinder hits you.
* * * LOW HITPOINT WARNING * * *
You writhe in agony.
* * * LOW HITPOINT WARNING * * *
Unknown command.
You closely miss Grinder. You headbutt Grinder!
Grinder is severely wounded.
You hit the crimson imp but do no damage.
Grinder says, "Are you a fish?" Grinder hits you!
You die...

........##
......)..# .#
.........# .#
.........#
####.### .......#
#......#
#..#.###.[....##
#.<..##........
##.....5.....# #
#.....@.!...#
#.....##..5.....#
..##............#
......##.......#
#####. ##......#
#.# #......#
#.###### #.# #.#


You could see Grinder and a crimson imp.

Vanquished Creatures
  A centaur (D:4)
  A scorpion (D:4)
  A howler monkey (D:4)
  An oklob sapling (D:4)
  4 orc wizards
  An orc priest (D:3)
  A centaur skeleton (D:2)
  A worker ant (D:4)
  3 adders
  An adder skeleton (D:4)
  A worm (D:2)
  3 dart slugs
  5 leopard geckos
  15 orcs
  5 giant cockroaches
  8 goblins
  3 hobgoblins
  3 jackals (D:1)
  A quokka (D:3)
  A ball python (D:2)
  5 bats
  2 frilled lizards
  4 kobolds
  2 rats
  A plant (D:4)
74 creatures vanquished.

Vanquished Creatures (others)
  A giant cockroach (D:2)
  A kobold (D:2)
2 creatures vanquished.

Grand Total: 76 creatures vanquished

Notes
Turn   | Place    | Note
-------+----------+-------------------------------------------
     0 | D:1      | nicolaieve the Minotaur Berserker began the quest for the Orb.
     0 | D:1      | Reached XP level 1. HP: 19/19 MP: 0/0
   198 | D:1      | Reached XP level 2. HP: 27/27 MP: 1/1
   234 | D:1      | Reached skill level 4 in Axes
   663 | D:2      | Reached skill level 5 in Axes
   663 | D:2      | Reached XP level 3. HP: 33/33 MP: 2/2
  1320 | D:2      | Found a radiant altar of Vehumet.
  1388 | D:2      | Reached XP level 4. HP: 36/40 MP: 3/3
  1636 | D:2      | Found a sacrificial altar of Ru.
  1687 | D:3      | Reached ** piety under Trog
  1688 | D:3      | Reached skill level 6 in Axes
  1690 | D:3      | Reached XP level 5. HP: 46/46 MP: 4/4
  1755 | D:3      | Found a burning altar of Makhleb.
  1939 | D:3      | Reached skill level 7 in Axes
  2443 | D:4      | Noticed a centaur
  2450 | D:4      | Killed a centaur
  2450 | D:4      | Reached skill level 8 in Axes
  2450 | D:4      | Reached XP level 6. HP: 39/52 MP: 5/5
  2709 | D:4      | Found a staircase to the Ecumenical Temple.
  2964 | D:4      | Reached skill level 9 in Axes
  2966 | D:4      | Reached *** piety under Trog
  3133 | D:4      | Reached XP level 7. HP: 19/58 MP: 6/6
  3168 | D:5      | Entered Level 5 of the Dungeon
  3168 | D:5      | Noticed Grinder
  3180 | D:5      | Slain by Grinder

Skill      XL: |  1  2  3  4  5  6 |
---------------+-------------------+-----
Axes           | 5 6 8 9 |  9.5
Fighting       | |  3.9
Armour         | |  2.5
Dodging        | |  2.3

Action                   |  1- 3 |  4- 6 |  7- 9 || total
-------------------------+-------+-------+-------++-------
Melee: Hand axe          |    51 |    86 |     5 ||   142
       Headbutt          |     6 |    24 |     2 ||    32
Invok: Berserk           |       |     2 |       ||     2
       Trog's Hand       |       |     1 |     1 ||     2
 Stab: Sleeping          |       |     1 |       ||     1
  Eat: Chunk             |     1 |     7 |     2 ||    10
Armor: Animal skin       |     7 |     6 |       ||    13
       Leather armour    |       |       |     1 ||     1
Dodge: Dodged            |    39 |    43 |     1 ||    83
